 Dungeon Crawl Stone Soup version 0.29.1-1-gd02db6906a (webtiles) character file.

Game seed: 17010126363209412475

177 Sanktem7 the Trooper (level 5, -4/50 HPs)
             Began as a Minotaur Fighter on Oct 2, 2022.
             Slain by Crazy Yiuf
             ... wielding a +4 quarterstaff of chaos
              (11 damage)
             ... on level 3 of the Dungeon.
             The game lasted 00:04:57 (2941 turns).

Sanktem7 the Trooper (Minotaur Fighter)             Turns: 2941, Time: 00:04:57

Health: -4/50      AC:  6    Str: 22    XL:     5   Next: 30%
Magic:  4/4        EV:  9    Int:  5    God:
Gold:   110        SH:  4    Dex: 10    Spells: 4/4 levels left

rFire   . . .      SeeInvis .   a - +0 war axe {axe}
rCold   . . .      Faith    .   c - +0 buckler
rNeg    . . .      Spirit   .   b - +0 scale mail
rPois   .          Reflect  .   (helmet restricted)
rElec   .          Harm     .   (no cloak)
rCorr   .          Rampage  .   (no gloves)
Will    .....                   (no boots)
Stlth   ..........              (no amulet)
HPRegen 0.16/turn               (no ring)
MPRegen 0.09/turn               (no ring)

@: invisible
A: horns 2, retaliatory headbutt
a: no special abilities


You were on level 3 of the Dungeon.
You visited 1 branch of the dungeon, and saw 3 of its levels.

You collected 110 gold pieces.


Innate Abilities, Weirdness & Mutations

You have a pair of horns on your head.
You reflexively headbutt those who attack you in melee.


   Skills:
 * Level 5.7 Fighting
 * Level 5.0 Axes
 - Level 3.6 Armour
 - Level 3.6 Shields


You had 4 spell levels left.
You didn't know any spells.
Your spell library contained the following spells:

 Spells                   Type           Power      Damage    Failure   Level
 Scorch                   Fire           0%         2d5       95%         2
 Flame Wave               Conj/Fire      0%         2d4       100%        4
 Summon Cactus Giant      Summ           0%         N/A       100%        6

Inventory:

Hand Weapons
 a - a +0 war axe (weapon) {axe}
 B - a +0 vampiric short sword {short}
   (You took it off an orc on level 3 of the Dungeon)
Missiles
 i - 72 stones (quivered) {throwing}
 r - 5 boomerangs of dispersal {=f!fthrowing}
 t - 5 poisoned darts {throwing}
 u - a throwing net {=f!fthrowing}
Armour
 b - a +0 scale mail (worn)
 c - a +0 buckler (worn)
 f - a +0 robe
   (You found it on level 1 of the Dungeon)
 g - a +0 ring mail
   (You found it on level 1 of the Dungeon)
 k - a +0 leather armour
   (You found it on level 1 of the Dungeon)
 l - a +0 leather armour
   (You found it on level 1 of the Dungeon)
 m - a +0 ring mail
   (You found it on level 1 of the Dungeon)
 p - a +0 plate armour
   (You found it on level 2 of the Dungeon)
 y - a +0 leather armour
   (You found it on level 3 of the Dungeon)
 C - a +0 ring mail
   (You found it on level 3 of the Dungeon)
Magical Staves
 A - a staff of earth {!astaff}
   (You took it off a goblin on level 3 of the Dungeon)
Jewellery
 o - an amulet of the acrobat
   (You found it on level 2 of the Dungeon)
Wands
 x - a wand of polymorph (8)
   (You took it off Natasha on level 3 of the Dungeon)
Scrolls
 j - 5 scrolls of identify {unknown}
 n - a scroll of noise {unknown}
 s - a scroll of enchant weapon {unknown}
Potions
 d - 2 potions of might
 e - a potion of attraction {unknown}
 h - 3 potions of curing {unknown}
 q - 2 potions of lignification {unknown}
 v - a potion of invisibility {unknown}
 w - 2 potions of berserk rage {unknown}
 z - 2 potions of resistance

Dungeon Overview and Level Annotations

Branches:
Dungeon (3/15) Zot: 15004

Altars:
Wu Jian

Annotations:
D:3 Crazy Yiuf

#.#..#######
#....#
##..........
...........#
♣P.P.♣
#...........
##.#>......#
♣..P♣♣
##......<...
#.#......##
♣♣.♣♣
##..........
#.........#
♣.♣♣
#...........
#######....#
♣♣.♣
#..........#
......##..##
♣.♣♣
#.......####
#####8.#..#
♣♣.♣
#.......#
#...##.#..#
#@#
#.......#
.8.8.#.####
#.g.#
#.......#
..>.†'.#
#...#
#########
.8.8.#.#
#..)#
#...##.#
#####
#####8.#
......##
#######


You could see Crazy Yiuf (unable to see you).


Message History

No target in view!
No target in view!
No target in view!
No target in view!
Found an escape hatch in the floor. 😎 HP[+3]
Your hp is fully restored (50).
There is an escape hatch in the floor here.
A hobgoblin comes into view.
The hobgoblin hits you. 😕 HP[-1]
You take 1 damage, and now have 49/50 hp.
You barely miss the hobgoblin. The hobgoblin closely misses you. x2
You slash the hobgoblin!
You kill the hobgoblin!
No target in view!
No target in view!
No target in view!
No target in view!
No target in view!
No target in view!
No target in view!
No target in view!
No target in view!
No target in view!
No target in view!
No target in view!
No target in view!
No target in view!
You now have 110 gold pieces (gained 7).
You see here a hobgoblin corpse.
You open the door.
An orc comes into view.
It is wielding a +0 vampiric short sword.
The orc shouts!
Found a stone staircase leading down. 😎 HP[+1]
Your hp is fully restored (50).
An orc is nearby!
An orc is nearby!
There is an open door here.
You slash the orc!
You kill the orc!
No target in view!
No target in view!
No target in view!
No target in view!
No target in view!
No target in view!
No target in view!
No target in view!
No target in view!
No target in view!
No target in view!
No target in view!
No target in view!
No target in view!
B - a +0 vampiric short sword {short} You see here an orc corpse.
There is an open door here.
There is a stone staircase leading up here.
There is an escape hatch in the ceiling here.
C - a +0 ring mail
There is an escape hatch in the ceiling here.
There is a stone staircase leading up here.
Crazy Yiuf shouts!
You open the door.
Crazy Yiuf zaps a wand.
The puff of flame hits you! 😕 HP[-9]
You take 9 damage, and now have 41/50 hp.
Crazy Yiuf says, "Walk!"
Crazy Yiuf barely misses you. You furiously retaliate!
You headbutt Crazy Yiuf.
There is an open translucent door here.
You slash Crazy Yiuf!
You headbutt Crazy Yiuf, but do no damage.
Crazy Yiuf hits you with a +4 quarterstaff of chaos!
You fade into invisibility! 😮 HP[-10]
You take 10 damage, and now have 31/50 hp.
You barely miss Crazy Yiuf. Your headbutt misses Crazy Yiuf.
Crazy Yiuf hits you with a +4 quarterstaff of chaos!
* * * LOW HITPOINT WARNING * * *
Crazy Yiuf burns you.
* * * LOW HITPOINT WARNING * * *
Crazy Yiuf hits you with a +4 quarterstaff of chaos!
* * * LOW HITPOINT WARNING * * *
You resist with some effort. 😱 HP[-25]
You take 25 damage, and now have 6/50 hp.
MASSIVE DAMAGE!! (PAUSE)
You barely miss Crazy Yiuf. Your headbutt misses Crazy Yiuf.
Crazy Yiuf zaps a wand.
The puff of flame misses you.
You hit Crazy Yiuf but do no damage. Your headbutt misses Crazy Yiuf.
Crazy Yiuf zaps a wand.
You block the puff of flame. 😱 HP[+1]
You hit Crazy Yiuf.
Crazy Yiuf hits you with a +4 quarterstaff of chaos!
You die...

Skill      XL: |  1  2  3  4  5 |
---------------+----------------+-----
Fighting       | 4 5 |  5.7
Axes           | 3 4 5 |  5.0
Armour         | |  3.6
Shields        | |  3.6

Action                   |  1- 3 |  4- 6 || total
-------------------------+-------+-------++-------
Melee: War axe           |    89 |    50 ||   139
       Headbutt          |    11 |     5 ||    16
Armor: Scale mail        |    31 |     9 ||    40
       Skin              |       |     7 ||     7
Dodge: Dodged            |    47 |    16 ||    63
Block: Buckler           |    19 |    10 ||    29

Levels and vault maps discovered:
D:1:      amcnicky_arrival_single_pillar, layout_loops_cross,
          nicolae_ecumenical_snake_handling, serial_forest,
          infiniplex_forest_clump_diagonal, infiniplex_forest_corner_1,
          infiniplex_forest_end_2, infiniplex_forest_lined_1,
          infiniplex_forest_corner_2, infiniplex_forest_lined_corner,
          infiniplex_forest_3_way, infiniplex_forest_straight_3,
          infiniplex_forest_lined_3_way, infiniplex_forest_clump_small
D:2:      layout_loops_ring, minmay_tromino_mix6
D:3:      layout_rooms, nzn_wu_jian_contemplation, grunt_ministairs_11,
          uniq_crazy_yiuf_cottage, uniq_natasha

Notes
Turn   | Place    | Note
-------+----------+-------------------------------------------
     0 | D:1      | Sanktem7 the Minotaur Fighter began the quest for the Orb.
     0 | D:1      | Reached XP level 1. HP: 19/19 MP: 0/0
     0 | D:1      | magus.rc [v1.9.6]
   371 | D:1      | Reached skill level 4 in Fighting
   371 | D:1      | Reached XP level 2. HP: 27/27 MP: 1/1
   379 | D:1      | Reached skill level 3 in Axes
   724 | D:1      | Found a faded altar of an unknown god.
  1156 | D:1      | You pick up a book of Scorching and begin reading...
  1156 | D:1      | You add the spells Scorch, Flame Wave and Summon Cactus
                  | Giant to your library.
  1398 | D:2      | Reached XP level 3. HP: 34/34 MP: 2/2
  2114 | D:2      | Reached skill level 4 in Axes
  2279 | D:3      | Reached XP level 4. HP: 40/41 MP: 3/3
  2295 | D:3      | Reached skill level 5 in Fighting
  2324 | D:3      | Noticed Natasha
  2328 | D:3      | Killed Natasha
  2427 | D:3      | Noticed Natasha
  2440 | D:3      | Killed Natasha
  2493 | D:3      | Noticed Natasha
  2499 | D:3      | Killed Natasha
  2500 | D:3      | Reached XP level 5. HP: 49/49 MP: 4/4
  2573 | D:3      | Found an ornate altar of the Wu Jian Council.
  2619 | D:3      | Reached skill level 5 in Axes
  2931 | D:3      | Found a runed translucent door.
  2932 | D:3      | Noticed Crazy Yiuf
  2938 | D:3      | HP: 6/50 [Crazy Yiuf/+4 quarterstaff of chaos (11)]
  2941 | D:3      | Slain by Crazy Yiuf

Vanquished Creatures
  Natasha (thrice) (D:3)
  3 adders
  2 dart slugs
  An orc (D:3)
  7 endoplasms
  4 giant cockroaches
  6 goblins
  12 hobgoblins
  3 jackals (D:2)
  10 ball pythons
  4 bats
  A frilled lizard (D:3)
  4 kobolds
  6 rats
66 creatures vanquished.

Vanquished Creatures (others)
  2 plants (D:1)
2 creatures vanquished.

Grand Total: 68 creatures vanquished

Table legend:
 A = Non-vault XP
 B = Vault XP
 C = Vault XP percentage of total XP
 D = Non-vault monster count
 E = Vault monster count
 F = Vault count percentage of total count
                 A         B        C        D         E       F
            +---------+---------+-------+---------+---------+-------
      Total |     210 |      43 |  17.0 |      62 |       4 |   6.1
            +---------+---------+-------+---------+---------+-------
        D:1 |      37 |       0 |   0.0 |      22 |       0 |   0.0
        D:2 |      48 |       2 |   4.0 |      22 |       1 |   4.3
        D:3 |     125 |      41 |  24.7 |      18 |       3 |  14.3
            +---------+---------+-------+---------+---------+-------

Illustrated notes

Table legend:
 A = Kills in this place as a percentage of kills in entire the game.
 B = Kills by you in this place as a percentage of kills by you in the entire game.
 C = Kills by friends in this place as a percentage of kills by friends in the entire game.
 D = Other kills in this place as a percentage of other kills in the entire game.
 E = Experience gained in this place as a percentage of experience gained in the entire game.
 F = Experience gained in this place divided by the number of levels of this place that you have seen.
                   A       B       C       D       E      F
               +-------+-------+-------+-------+-------+----------------------
         Total | 100.0 | 100.0 |   N/A |   N/A | 100.0 |  84.3
       Dungeon | 100.0 | 100.0 |   N/A |   N/A | 100.0 |  84.3
               +-------+-------+-------+-------+-------+----------------------

Table legend: (Time is in decaauts)
 A = Elapsed time spent in this place.
 B = Non-inter-level travel time spent in this place.
 C = Inter-level travel time spent in this place.
 D = Time resting spent in this place.
 E = Time spent auto-exploring this place.
 F = Levels seen in this place.
 G = Mean time per level.
                   A        B        C        D        E       F      G
               +--------+--------+--------+--------+--------+-----+--------+
         Total |   2994 |   2863 |    131 |      0 |   2437 |   3 |  998.0 |
       Dungeon |   2994 |   2863 |    131 |      0 |   2437 |   3 |  998.0 |
               +--------+--------+--------+--------+--------+-----+--------+

Top non-repeatable levels by time:
     D:1: 1376 daAuts
     D:2: 926 daAuts
     D:3: 691 daAuts
